 Dungeon Sprint DCSS version 0.20-b1-24-gb21faa7 (webtiles) character file.

35909 potatolord6000 the Warrior (level 13, -14/137 HPs)
             Began as a Demonspawn Gladiator on May 25, 2017.
             Was an Initiate of Gozag.
             Killed from afar by an ogre mage (19 damage)
             ... with a bolt of cold
             ... while paralysed by a vampire knight
             ... in the Dungeon (Sprint IX: "|||||||||||||||||||||||||||||").
             The game lasted 00:14:14 (4529 turns).

potatolord6000 the Warrior (Demonspawn Gladiator)   Turns: 4529, Time: 00:14:15

Health: -14/137    AC: 17    Str: 27    XL:     13   Next: 50%
Magic:  13/13      EV:  2    Int: 15    God:    Gozag
Gold:   818        SH:  0    Dex: 20    Spells: 12/12 levels left

rFire    . . .     SeeInvis +   r - +2 sword of Power
rCold    . . .     Gourm    .   (shield currently unavailable)
rNeg     . . .     Faith    .   t - +2 robe of Vines {NoPotionHeal Regen+7}
rPois    .         Spirit   .   a - +2 hat {SInv}
rElec    .         Reflect  .   d - +2 cloak
rCorr    .         Harm     .   b - +2 pair of gloves {Dex+3}
MR       .....     NoTele   +   (no boots)
Stlth    ++........             (no amulet)
Regen    5.2/turn               c - +3 ring of intelligence
MPRegen  0.2/turn               l - +3 ring of strength

@: paralysed, mighty, gold aura
A: horns 2, talons 1, thin metallic scales 2, agile 1, clever 1, foul stench 1,
powered by death 2, robust 1, rot immunity
a: Potion Petition, Call Merchant, Bribe Branch, Renounce Religion


You were in the Dungeon.
You worshipped Gozag.
Gozag was pleased with you.
You were not hungry.

You visited 1 branch You collected 13281 gold pieces.
You spent 4635 gold pieces at shops.
You paid 7828 gold pieces to Gozag.

Inventory:

Hand Weapons
 r - the +2 sword of Power (weapon)
   (You bought it in a shop in the Dungeon)
Missiles
 s - a throwing net (quivered)
Armour
 a - a +2 hat of see invisible (worn)
 b - a +2 pair of gloves of dexterity (worn)
 d - a +2 cloak (worn)
 t - the +2 robe of Vines (worn) {NoPotionHeal Regen+7}
   (You bought it in a shop in the Dungeon)

   It increases your rate of regeneration.
Jewellery
 c - a +3 ring of intelligence (left hand)
 l - a +3 ring of strength (right hand)
Wands
 g - a wand of scattershot (4/9)
Scrolls
 h - 3 scrolls of remove curse
 j - 2 scrolls of amnesia
 k - 2 scrolls of blinking
 p - 2 scrolls of recharging
 u - a scroll of fog
Potions
 e - a potion of berserk rage
 i - 4 potions of magic
 n - 2 potions of brilliance
Comestibles
 f - 40 fruits
 m - 12 bread rations
 q - 10 meat rations


   Skills:
 + Level 19.3 Fighting
 + Level 16.7 Long Blades
 - Level 1.7 Throwing
 + Level 16.4 Armour
 + Level 16.6 Dodging


You had 12 spell levels left.
You didn't know any spells.

Dungeon Overview and Level Annotations

Branches:
Dungeon (1/1)

Altars:
Cheibriados
Dithmenos
Elyvilon
Fedhas
Gozag
Hepliaklqana
Kikubaaqudgha
Makhleb
Nemelex Xobeh
Okawaru
Qazlal
Ru
Sif Muna
Trog
Uskayaw
Vehumet
Xom
Yredelemnul
Zin
The Shining One
Beogh
Jiyva
Lugonu

Shops:
D (*[(%!(*![[


Innate Abilities, Weirdness & Mutations

You have a pair of horns on your head.
You are mostly covered in thin metallic scales. (AC +3)
You may emit foul miasma when damaged in melee.
You regenerate health from kills.
You are immune to rotting.
You have sharp toenails.
You are agile. (Dex +2)
Your mind is acute. (Int +2)
You are robust. (+10% HP)


Message History

You hold your ground!
The vampire knight hits you with an enchanted long sword!
* * * LOW HITPOINT WARNING * * *
The vampire knight bites you.
* * * LOW HITPOINT WARNING * * *
The vampire knight draws strength from your injuries!
The ogre mage mumbles some strange words.
The ogre mage blinks!
The vampire knight hits you with an enchanted long sword!
* * * LOW HITPOINT WARNING * * *
The vampire knight bites you but does no damage.
The ice dragon bites you but does no damage.
The ice dragon claws you!
* * * LOW HITPOINT WARNING * * *
You emit a cloud of foul miasma!
The ice dragon barely misses you.
The ogre mage points at you and mumbles some strange words.
The bolt of cold hits the ice dragon.
The ice dragon resists.
Helpless, you fail to dodge the bolt of cold.
You die...
Your body crumbles into a pile of gold.

.▓.▓(▓.▓.▓.▓.▓.▓.▓
.▓.▓.▓.▓'▓.▓.▓.▓.▓
.▓.▓.▓.▓.▓.▓.▓.▓.▓
.▓.▓.▓.▓=▓.▓.▓.▓.▓
.▓.▓.▓.▓.▓.▓.▓.▓.▓
.▓.▓'▓.▓=▓.▓.▓.▓.▓
.▓.▓)▓.▓.▓.▓.▓.▓.▓
.▓.▓)▓.▓)▓.▓'▓.▓V▓
.▓.▓)▓.▓)▓.▓)▓.▓@▓
.▓.▓)▓.▓)▓.▓)▓.▓D▓
.▓.▓[▓.▓)▓.▓.▓.▓$▓
.▓.▓.▓.▓)▓.▓)▓.▓$▓
.▓.▓)▓.▓)▓.▓)▓.▓O▓
'▓.▓.▓.▓)▓.▓.▓.▓.▓
.▓.▓[▓.▓)▓.▓.▓.▓p▓
.▓.▓.▓.▓.▓.▓.▓.▓.▓
.▓[▓.▓.▓[▓.▓.▓.▓.▓


You could see an ice dragon, a vampire knight (invisible), an ogre mage and a
necromancer (wandering).

Vanquished Creatures
  A frost giant (D)
  A very ugly thing (D)
  A stone giant (D)
  An ettin (D)
  Josephine (D)
  A fire dragon (D)
  A great orb of eyes (D)
  A spriggan air mage (D)
  4 centaur warriors (D)
  3 hydras (D)
  A merfolk aquamancer (D)
  A death yak (D)
  A satyr (shapeshifter) (D)
  A two-headed ogre (D)
  2 ogre magi (D)
  An orc high priest (D)
  A vampire mage (D)
  Nergalle (D)
  A glowing orange brain (D)
  5 orc knights (D)
  An orc sorcerer (D)
  An orb spider (D)
  A cyclops (D)
  4 wolf spiders (D)
  2 manticores (D)
  3 ugly things (D)
  Joseph (D)
  A naga mage (D)
  4 black mambas (D)
  Maurice (D)
  A gargoyle (D)
  2 spiny frogs (D)
  A rime drake (D)
  A demonic crawler (D)
  A troll (D)
  A merfolk (D)
  2 tyrant leeches (D)
  A polar bear (D)
  2 jumping spiders (D)
  4 wind drakes (D)
  2 bog bodies (D)
  A hippogriff (D)
  4 wraiths (D)
  A redback (D)
  A basilisk (D)
  A vampire mosquito (D)
  4 nagas (D)
  4 water moccasins (D)
  2 porcupines (D)
  17 orc warriors (D)
  A swamp drake (D)
  A necrophage (D)
  2 phantoms (D)
  7 black bears (D)
  A wolf (D)
  A boggart (D)
  5 crocodiles (D)
  A crimson imp (D)
  4 orc priests (D)
  3 jellies (D)
  2 orc wizards (D)
  A worker ant (D)
  An adder (D)
  A leopard gecko (D)
  8 orcs (D)
  2 bat zombies (D)
  A giant cockroach (D)
  2 goblins (D)
  A kobold (D)
  A bat (D)
  2 giant cockroach zombies (D)
  A rat (D)
151 creatures vanquished.

Vanquished Creatures (others)
  A spatial maelstrom (D)
1 creature vanquished.

Grand Total: 152 creatures vanquished

Notes
Turn   | Place    | Note
-------+----------+-------------------------------------------
     0 | D        | potatolord6000 the Demonspawn Gladiator began the quest for the Orb.
     0 | D        | Reached XP level 1. HP: 16/16 MP: 1/1
     4 | D        | Banished a spatial maelstrom
    20 | D        | Reached skill level 1 in Armour
   156 | D        | Noticed a jelly
   156 | D        | Noticed a jelly
   156 | D        | Noticed a necrophage
   159 | D        | Reached skill level 3 in Fighting
   159 | D        | Gained mutation: You have a pair of small horns on your head. [demonic ancestry]
   159 | D        | Reached XP level 2. HP: 22/24 MP: 2/2
   163 | D        | Gained mutation: You are partially covered in thin metallic scales. (AC +2) [demonic ancestry]
   163 | D        | Reached XP level 3. HP: 7/30 MP: 3/3
   170 | D        | Reached skill level 4 in Fighting
   170 | D        | Gained mutation: You are immune to rotting. [demonic ancestry]
   170 | D        | Reached XP level 4. HP: 19/38 MP: 4/4
   192 | D        | Killed a necrophage
   192 | D        | Reached skill level 5 in Fighting
   192 | D        | Reached skill level 5 in Long Blades
   192 | D        | Reached skill level 5 in Dodging
   192 | D        | Reached XP level 5. HP: 9/45 MP: 5/5
   198 | D        | Found a roughly hewn altar of Beogh.
   198 | D        | Found a snail-covered altar of Cheibriados.
   198 | D        | Found a shadowy altar of Dithmenos.
   198 | D        | Found a white marble altar of Elyvilon.
   198 | D        | Found a blossoming altar of Fedhas.
   198 | D        | Found an opulent altar of Gozag.
   199 | D        | Found a hazy altar of Hepliaklqana.
   200 | D        | Found a viscous altar of Jiyva.
   201 | D        | Found an ancient bone altar of Kikubaaqudgha.
   202 | D        | Found a corrupted altar of Lugonu.
   203 | D        | Found a burning altar of Makhleb.
   204 | D        | Found a sparkling altar of Nemelex Xobeh.
   205 | D        | Found an iron altar of Okawaru.
   206 | D        | Became a worshipper of Gozag Ym Sagoz the Greedy
   207 | D        | Found a stormy altar of Qazlal.
   208 | D        | Found a sacrificial altar of Ru.
   209 | D        | Found a deep blue altar of Sif Muna.
   210 | D        | Found a bloodstained altar of Trog.
   211 | D        | Found a hide-covered altar of Uskayaw.
   212 | D        | Found a radiant altar of Vehumet.
   214 | D        | Found a shimmering altar of Xom.
   215 | D        | Found a basalt altar of Yredelemnul.
   216 | D        | Found a glowing silver altar of Zin.
   217 | D        | Found a glowing golden altar of the Shining One.
   438 | D        | Noticed a two-headed ogre
   438 | D        | Noticed a phantom
   438 | D        | Noticed a phantom
   451 | D        | Killed a two-headed ogre
   451 | D        | Reached skill level 8 in Fighting
   451 | D        | Gained mutation: You are mostly covered in thin metallic scales. (AC +3) [demonic ancestry]
   451 | D        | Reached XP level 6. HP: 52/57 MP: 6/6
   451 | D        | Reached XP level 7. HP: 57/63 MP: 7/7
   456 | D        | Reached skill level 9 in Fighting
   459 | D        | Gained mutation: You regenerate a little health from kills. [demonic ancestry]
   459 | D        | Reached XP level 8. HP: 61/71 MP: 8/8
   477 | D        | Noticed a purple ugly thing
   477 | D        | Noticed a troll
   477 | D        | Noticed a centaur warrior
   477 | D        | Noticed a brown ugly thing
   477 | D        | Noticed a cyan ugly thing
   484 | D        | Killed a purple ugly thing
   488 | D        | Killed a troll
   488 | D        | Reached skill level 10 in Fighting
   492 | D        | Killed a centaur warrior
   492 | D        | Reached skill level 10 in Long Blades
   492 | D        | Reached skill level 10 in Dodging
   492 | D        | Reached XP level 9. HP: 37/79 MP: 9/9
   498 | D        | Killed a brown ugly thing
   498 | D        | Reached skill level 11 in Fighting
   498 | D        | Reached skill level 10 in Armour
   505 | D        | Killed a brown ugly thing
   828 | D        | Reached skill level 12 in Fighting
   859 | D        | Noticed a rime drake
   859 | D        | Noticed a spiny frog
   860 | D        | Noticed a death yak
   874 | D        | Reached XP level 10. HP: 51/90 MP: 10/10
   899 | D        | Killed a death yak
   899 | D        | Reached skill level 13 in Fighting
   904 | D        | Noticed a six-headed hydra
  1114 | D        | Gained mutation: You are dopey. (Int -2) [potion of mutation]
  1114 | D        | Gained mutation: Your body sometimes deteriorates upon taking damage. [potion of mutation]
  1114 | D        | Gained mutation: You have a beak for a mouth. [potion of mutation]
  1114 | D        | Gained mutation: You are somewhat resistant to further mutation. [potion of mutation]
  1115 | D        | Lost mutation: You are dopey. (Int -2) [potion of mutation]
  1115 | D        | Lost mutation: Your body sometimes deteriorates upon taking damage. [potion of mutation]
  1115 | D        | Lost mutation: You have a beak for a mouth. [potion of mutation]
  1115 | D        | Lost mutation: You are somewhat resistant to further mutation. [potion of mutation]
  1115 | D        | Gained mutation: Your flesh is heat resistant. (rF+) [potion of mutation]
  1115 | D        | Gained mutation: You are weak. (Str -2) [potion of mutation]
  1115 | D        | Gained mutation: Armour fits poorly on your strangely shaped body. [potion of mutation]
  1115 | D        | Gained mutation: You have large cloven feet. [potion of mutation]
  1239 | D        | Killed a spiny frog
  1451 | D        | Killed an 11-headed hydra
  1451 | D        | Reached skill level 14 in Fighting
  1612 | D        | Noticed Joseph
  1632 | D        | Killed Joseph
  2096 | D        | Bought the +0 sword of Power for 2880 gold pieces
  2236 | D        | Bought a runed hat for 203 gold pieces
  2343 | D        | Noticed an orc knight
  2349 | D        | Reached skill level 15 in Fighting
  2349 | D        | Gained mutation: You have a pair of horns on your head. [demonic ancestry]
  2349 | D        | Reached XP level 11. HP: 89/102 MP: 11/11
  2356 | D        | Noticed an orc high priest
  2364 | D        | Killed an orc knight
  2375 | D        | Noticed an orc sorcerer
  2381 | D        | Noticed a sun demon
  2385 | D        | Noticed a sun demon
  2385 | D        | Killed an orc high priest
  2397 | D        | HP: 3/104 [orc sorcerer/bolt of fire (5)]
  2399 | D        | Killed an orc sorcerer
  2402 | D        | HP: 2/104 [orc warrior/war axe (14)]
  2447 | D        | Bought a +3 leather armour of fire resistance for 312 gold pieces
  2771 | D        | Found Puunko's Weapon Emporium.
  2771 | D        | Noticed an orc knight
  2771 | D        | Noticed an orc knight
  2778 | D        | Killed an orc knight
  2778 | D        | Reached skill level 16 in Fighting
  2783 | D        | Killed an orc knight
  2789 | D        | Found Ynaur's Food Shoppe.
  2796 | D        | Found Zuykinue's Distillery.
  2799 | D        | Found Dayler's Weapon Shoppe.
  2801 | D        | Noticed an orc knight
  2804 | D        | Noticed an orc knight
  2812 | D        | Killed an orc knight
  2819 | D        | Killed an orc knight
  2881 | D        | Bought a potion of mutation for 80 gold pieces
  2881 | D        | Bought a potion of mutation for 80 gold pieces
  2881 | D        | Bought a potion of might for 40 gold pieces
  2881 | D        | Bought a potion of mutation for 80 gold pieces
  2886 | D        | Lost mutation: You have large cloven feet. [potion of mutation]
  2886 | D        | Lost mutation: Armour fits poorly on your strangely shaped body. [potion of mutation]
  2886 | D        | Lost mutation: You are weak. (Str -2) [potion of mutation]
  2886 | D        | Lost mutation: Your flesh is heat resistant. (rF+) [potion of mutation]
  2886 | D        | Gained mutation: Potions are less effective at restoring your health. [potion of mutation]
  2886 | D        | Gained mutation: Your system is resistant to poisons. (rPois) [potion of mutation]
  2887 | D        | Lost mutation: Potions are less effective at restoring your health. [potion of mutation]
  2887 | D        | Lost mutation: Your system is resistant to poisons. (rPois) [potion of mutation]
  2887 | D        | Gained mutation: You have sharp toenails. [potion of mutation]
  2887 | D        | Gained mutation: You are agile. (Dex +2) [potion of mutation]
  2887 | D        | Gained mutation: Your mind is acute. (Int +2) [potion of mutation]
  2887 | D        | Gained mutation: You are robust. (+10% HP) [potion of mutation]
  3158 | D        | Noticed Maurice
  3169 | D        | Killed Maurice
  3268 | D        | Noticed a centaur warrior
  3268 | D        | Noticed an ogre mage
  3271 | D        | Killed a centaur warrior
  3273 | D        | Killed an ogre mage
  3277 | D        | Noticed a centaur warrior
  3280 | D        | Noticed a fire dragon
  3281 | D        | Noticed an ogre mage
  3282 | D        | Noticed a lindwurm
  3282 | D        | a salamander changed into a lindwurm
  3283 | D        | Noticed a centaur warrior
  3284 | D        | Noticed a great orb of eyes
  3284 | D        | Noticed a satyr
  3284 | D        | a lindwurm changed into a satyr
  3287 | D        | Noticed a frost giant
  3290 | D        | Killed a centaur warrior
  3292 | D        | Noticed an ettin
  3296 | D        | Killed a satyr
  3296 | D        | Reached skill level 17 in Fighting
  3296 | D        | Gained mutation: You may emit foul miasma when damaged in melee. [demonic ancestry]
  3296 | D        | Reached XP level 12. HP: 107/125 MP: 12/12
  3301 | D        | Killed a fire dragon
  3303 | D        | Killed an ogre mage
  3307 | D        | Killed a centaur warrior
  3317 | D        | Killed a great orb of eyes
  3326 | D        | Killed a frost giant
  3330 | D        | Killed an ettin
  3375 | D        | Bought a potion of haste for 160 gold pieces
  3426 | D        | Noticed Josephine
  3437 | D        | Killed Josephine
  3437 | D        | Reached skill level 15 in Long Blades
  3443 | D        | Reached skill level 15 in Dodging
  3526 | D        | Reached skill level 18 in Fighting
  3533 | D        | Reached skill level 15 in Armour
  3895 | D        | Noticed a merfolk aquamancer
  3899 | D        | Killed a merfolk aquamancer
  3903 | D        | Gained mutation: You regenerate health from kills. [demonic ancestry]
  3903 | D        | Reached XP level 13. HP: 129/136 MP: 13/13
  4327 | D        | Bought the +2 robe of Vines {NoPotionHeal Regen+7} for 800 gold pieces
  4402 | D        | Noticed Nergalle
  4412 | D        | Killed Nergalle
  4460 | D        | Noticed a stone giant
  4460 | D        | Noticed a white very ugly thing
  4470 | D        | Killed a stone giant
  4470 | D        | Reached skill level 19 in Fighting
  4478 | D        | Noticed a vampire knight
  4495 | D        | Killed a white very ugly thing
  4516 | D        | Paralysed by a vampire knight for 4 turns
  4526 | D        | Paralysed by a vampire knight for 6 turns
  4529 | D        | HP: 5/137 [ice dragon (7)]
  4529 | D        | Killed from afar by an ogre mage

Skill      XL: |  1  2  3  4  5  6  7  8  9 10 11 12 13 |
---------------+----------------------------------------+-----
Long Blades    | 3 4 5 8 10 11 12 14 15 16 | 16.7
Dodging        | 3 4 5 8 10 11 12 14 15 16 | 16.6
Armour         | 1 2 3 4 7 9 10 12 13 15 16 | 16.4
Fighting       | 3 4 5 8 9 10 12 15 17 18 19 | 19.3
Throwing       | |  1.7

Action                   |  1- 3 |  4- 6 |  7- 9 | 10-12 | 13-15 || total
-------------------------+-------+-------+-------+-------+-------++-------
Melee: Long sword        |    28 |    29 |    69 |   135 |       ||   261
       Headbutt          |     1 |     5 |    25 |   122 |    43 ||   196
       Kick              |       |       |       |   126 |    58 ||   184
       Great sword       |       |       |       |   226 |   102 ||   328
Invok: Potion Petition   |       |     1 |       |     4 |       ||     5
       Call Merchant     |       |       |     1 |     5 |     1 ||     7
  Use: Potion            |     2 |     4 |       |    16 |     2 ||    24
       Scroll            |       |       |     6 |     2 |       ||     8
 Stab: Distracted        |       |     1 |     4 |     5 |     3 ||    13
       Invisible         |       |       |       |     3 |       ||     3
  Eat: Meat ration       |       |       |       |     2 |       ||     2
       Bread ration      |       |       |       |     1 |       ||     1
Armor: Leather armour    |     6 |     1 |     4 |    49 |    13 ||    73
       Robe              |       |       |       |       |    15 ||    15
Dodge: Dodged            |    14 |    15 |    40 |   264 |   118 ||   451
       Rpst.: Long sword |     6 |     4 |    10 |    16 |       ||    36
       Great sword       |       |       |       |    29 |    17 ||    46
